[ AOE2 MATCH · #474147288 ]
Team RMEthiopians vs Franks
[ REPLAY ANALYSIS · EXTRACTED FROM THE RECORDED GAME ]
Feudal
9:56
Castle
23:53
Imperial
—
| APM avg | 49.5 |
| APM peak | 93 |
| eAPM avg | 21.1 |
| Villagers / military | 58 / 92 |
Focus
⚔️ 29.9% · 🌾 70.1%
Archer ×87 · Spearman ×5
Feudal
11:55
Castle
25:15
Imperial
32:46
| APM avg | 26.3 |
| APM peak | 78 |
| eAPM avg | 14.1 |
| Villagers / military | 66 / 28 |
Focus
⚔️ 34.2% · 🌾 65.8%
Serjeant ×24 · Trebuchet (Packed) ×3 · Monk ×1
Feudal
10:36
Castle
—
Imperial
—
| APM avg | 7.1 |
| APM peak | 36 |
| eAPM avg | 4.6 |
| Villagers / military | 34 / 7 |
Focus
⚔️ 14.2% · 🌾 85.8%
Scout Cavalry ×7
Feudal
11:18
Castle
28:21
Imperial
—
| APM avg | 21.8 |
| APM peak | 55 |
| eAPM avg | 10.8 |
| Villagers / military | 56 / 37 |
Focus
⚔️ 19.5% · 🌾 80.5%
Skirmisher ×21 · Monaspa ×10 · Militia ×4 · Mangonel ×2
Match map
Initial resources + every placement click. Lines = walls · curves = elevation contours. ◆ gold · ⬟ stone · ● berries · ✦ relic · ◌ wall gap
Your base· Open — unwalled flank
diego_vth's base· Open — unwalled flank
sergio_S10's base· Open — unwalled flank
1Eisbär2's base· Open — 9t gap
Smoothed initial terrain · ◌ = detected wall gap · hover for details
Inputs per minute
— achito_mlg - - diego_vth
Build order — achito_mlg
First 150 of 227 actions detected
| 0:01 | Create | Villager (Male) |
| 0:01 | Create | Villager (Male) |
| 0:01 | Create | Villager (Male) |
| 0:02 | Create | Villager (Male) |
| 0:03 | Build | House |
| 0:05 | Build | House |
| 1:27 | Create | Villager (Male) |
| 1:27 | Create | Villager (Male) |
| 2:10 | Build | Lumber Camp |
| 2:11 | Create | Villager (Male) |
| 2:19 | Create | Villager (Male) |
| 2:20 | Create | Villager (Male) |
| 3:02 | Create | Villager (Male) |
| 3:23 | Create | Villager (Male) |
| 3:32 | Build | House |
| 3:33 | Build | House |
| 3:45 | Create | Villager (Male) |
| 4:13 | Create | Villager (Male) |
| 4:14 | Create | Villager (Male) |
| 4:29 | Create | Villager (Male) |
| 5:16 | Create | Villager (Male) |
| 5:31 | Create | Villager (Male) |
| 5:34 | Build | Mill |
| 5:39 | Create | Villager (Male) |
| 6:10 | Create | Villager (Male) |
| 6:24 | Create | Villager (Male) |
| 7:04 | Create | Villager (Male) |
| 7:46 | Research | Feudal Age |
| 7:47 | Research | Loom |
| 8:26 | Build | Barracks |
| 8:28 | Build | House |
| 8:40 | Build | Mining Camp |
| 8:59 | Build | House |
| 9:04 | Build | House |
| 9:06 | Build | House |
| 9:56 | Age | Feudal Age |
| 10:03 | Build | Archery Range |
| 10:10 | Create | Villager (Male) |
| 10:26 | Build | Farm |
| 10:28 | Research | Double-Bit Axe |
| 10:37 | Create | Villager (Male) |
| 10:47 | Build | Archery Range |
| 10:51 | Create | Villager (Male) |
| 10:53 | Create | Archer |
| 10:56 | Create | Villager (Male) |
| 11:18 | Create | Villager (Male) |
| 11:29 | Build | Blacksmith |
| 11:33 | Create | Archer |
| 11:35 | Create | Villager (Male) |
| 11:36 | Create | Spearman |
| 11:41 | Create | Villager (Male) |
| 11:45 | Build | Farm |
| 11:47 | Create | Villager (Male) |
| 11:55 | Create | Archer |
| 12:04 | Create | Villager (Male) |
| 12:11 | Build | Farm |
| 12:15 | Create | Archer |
| 12:17 | Create | Archer |
| 12:19 | Create | Villager (Male) |
| 12:38 | Build | House |
| 13:27 | Create | Villager (Male) |
| 13:29 | Build | Farm |
| 13:30 | Build | Farm |
| 13:35 | Create | Villager (Male) |
| 13:36 | Create | Archer |
| 13:36 | Create | Archer |
| 13:49 | Create | Villager (Male) |
| 14:21 | Create | Archer |
| 14:23 | Create | Archer |
| 14:27 | Build | Farm |
| 14:31 | Build | Farm |
| 14:35 | Research | Gold Mining |
| 14:48 | Create | Villager (Male) |
| 14:55 | Create | Villager (Male) |
| 15:21 | Create | Villager (Male) |
| 15:24 | Build | Farm |
| 15:25 | Build | Farm |
| 15:27 | Create | Villager (Male) |
| 15:38 | Build | Farm |
| 15:39 | Build | Farm |
| 15:59 | Create | Archer |
| 15:59 | Create | Archer |
| 16:04 | Research | Fletching |
| 16:27 | Create | Villager (Male) |
| 16:30 | Build | Farm |
| 16:31 | Build | Farm |
| 16:43 | Research | Padded Archer Armor |
| 16:46 | Create | Archer |
| 16:46 | Create | Archer |
| 16:53 | Build | House |
| 18:28 | Create | Archer |
| 18:29 | Create | Archer |
| 18:29 | Create | Archer |
| 18:33 | Create | Archer |
| 18:33 | Create | Archer |
| 18:34 | Create | Villager (Male) |
| 18:37 | Create | Villager (Male) |
| 18:41 | Build | Farm |
| 18:46 | Build | Farm |
| 19:11 | Build | House |
| 19:12 | Build | House |
| 19:19 | Create | Villager (Male) |
| 19:25 | Research | Town Watch |
| 20:13 | Build | Farm |
| 20:13 | Build | Farm |
| 21:13 | Research | Castle Age |
| 22:22 | Create | Archer |
| 22:22 | Create | Archer |
| 22:23 | Create | Archer |
| 22:23 | Create | Archer |
| 22:26 | Build | Archery Range |
| 22:29 | Build | Farm |
| 22:44 | Build | House |
| 22:46 | Build | House |
| 22:54 | Build | Mining Camp |
| 23:11 | Create | Archer |
| 23:11 | Create | Archer |
| 23:12 | Create | Archer |
| 23:12 | Create | Archer |
| 23:13 | Create | Archer |
| 23:21 | Build | Archery Range |
| 23:24 | Build | Archery Range |
| 23:30 | Research | Horse Collar |
| 23:32 | Research | Stone Mining |
| 23:49 | Create | Archer |
| 23:50 | Create | Archer |
| 23:50 | Create | Archer |
| 23:50 | Create | Archer |
| 23:51 | Create | Archer |
| 23:51 | Create | Archer |
| 23:51 | Create | Archer |
| 23:53 | Age | Castle Age |
| 23:59 | Research | Crossbowman (upgrade) |
| 24:04 | Research | Crossbowman (upgrade) |
| 24:05 | Research | Thumb Ring |
| 24:09 | Create | Archer |
| 24:13 | Create | Archer |
| 24:14 | Create | Archer |
| 24:14 | Create | Archer |
| 24:14 | Create | Archer |
| 24:32 | Build | Town Center |
| 24:41 | Research | Bodkin Arrow |
| 24:43 | Research | Leather Archer Armor |
| 24:46 | Create | Archer |
| 24:46 | Create | Archer |
| 24:47 | Create | Archer |
| 24:54 | Create | Archer |
| 24:56 | Create | Villager (Male) |
| 24:56 | Create | Villager (Male) |
| 25:43 | Build | Lumber Camp |
Build order — diego_vth
146 actions detected in the replay
| 0:02 | Create | Villager (Male) ×4 |
| 0:02 | Create | Villager (Male) ×4 |
| 0:06 | Build | House |
| 0:15 | Build | House |
| 1:02 | Research | Loom |
| 1:38 | Create | Villager (Male) |
| 2:09 | Create | Villager (Male) ×2 |
| 2:09 | Create | Villager (Male) ×2 |
| 3:06 | Create | Villager (Male) |
| 3:12 | Build | Lumber Camp |
| 3:17 | Build | House |
| 3:23 | Create | Villager (Male) |
| 3:24 | Create | Villager (Male) |
| 3:40 | Create | Villager (Male) |
| 3:41 | Create | Villager (Male) |
| 4:08 | Create | Villager (Male) |
| 4:45 | Build | House |
| 5:21 | Create | Villager (Male) ×2 |
| 6:02 | Create | Villager (Male) |
| 6:16 | Build | Mining Camp |
| 6:24 | Create | Villager (Male) |
| 6:46 | Build | Mill |
| 7:04 | Create | Villager (Male) |
| 7:04 | Create | Villager (Male) |
| 7:37 | Create | Villager (Male) |
| 7:49 | Build | Mining Camp |
| 8:06 | Build | Mill |
| 8:09 | Create | Villager (Male) |
| 8:46 | Create | Villager (Male) |
| 9:08 | Create | Villager (Male) |
| 9:45 | Research | Feudal Age |
| 10:19 | Build | House |
| 10:24 | Build | House |
| 10:30 | Build | House |
| 10:31 | Build | House |
| 10:46 | Build | Palisade Wall |
| 10:48 | Build | Palisade Wall |
| 11:14 | Build | Donjon |
| 11:22 | Build | Palisade Wall |
| 11:23 | Build | Palisade Wall |
| 11:54 | Build | Palisade Gate |
| 11:55 | Age | Feudal Age |
| 12:06 | Create | Villager (Male) |
| 12:07 | Create | Villager (Male) |
| 12:07 | Create | Villager (Male) |
| 12:59 | Create | Serjeant ×5 |
| 13:00 | Create | Serjeant ×5 |
| 13:00 | Create | Serjeant ×2 |
| 13:45 | Create | Villager (Male) |
| 13:45 | Create | Villager (Male) |
| 13:52 | Build | Farm |
| 13:52 | Build | Farm |
| 13:52 | Build | Farm |
| 13:52 | Build | Farm |
| 13:53 | Build | Farm |
| 13:53 | Build | Farm |
| 13:53 | Build | Farm |
| 13:53 | Build | Farm |
| 13:53 | Build | Farm |
| 13:54 | Build | Farm |
| 13:54 | Build | Farm |
| 14:19 | Build | Donjon |
| 14:50 | Create | Villager (Male) |
| 14:55 | Build | Farm |
| 14:56 | Build | Farm |
| 15:31 | Build | Mining Camp |
| 15:48 | Build | Donjon |
| 15:55 | Build | Stone Wall |
| 16:14 | Research | Wheelbarrow |
| 16:54 | Create | Serjeant |
| 16:55 | Create | Serjeant |
| 17:28 | Build | Farm |
| 17:36 | Create | Serjeant |
| 17:36 | Create | Serjeant |
| 17:57 | Research | Horse Collar |
| 18:42 | Create | Villager (Male) ×3 |
| 18:48 | Build | Farm |
| 18:48 | Build | Farm |
| 18:49 | Build | Farm |
| 18:49 | Build | Farm |
| 18:49 | Build | Farm |
| 18:55 | Build | Blacksmith |
| 18:59 | Build | Market |
| 19:04 | Create | Villager (Male) |
| 19:04 | Create | Villager (Male) |
| 19:24 | Build | Farm |
| 19:24 | Build | Farm |
| 19:24 | Build | Farm |
| 19:24 | Build | Farm |
| 19:24 | Build | Farm |
| 19:25 | Build | Farm |
| 19:25 | Build | Farm |
| 19:25 | Build | Farm |
| 19:25 | Build | Farm |
| 19:29 | Create | Villager (Male) ×2 |
| 20:00 | Research | Double-Bit Axe |
| 20:25 | Create | Villager (Male) ×4 |
| 20:31 | Build | Farm |
| 20:32 | Build | Farm |
| 20:32 | Build | Farm |
| 20:33 | Build | Farm |
| 20:33 | Build | Farm |
| 20:33 | Build | Farm |
| 20:33 | Build | Farm |
| 20:34 | Build | Farm |
| 20:44 | Build | House |
| 20:45 | Build | House |
| 21:12 | Build | House |
| 21:49 | Build | Donjon |
| 21:58 | Build | House |
| 21:59 | Build | House |
| 22:02 | Build | House |
| 22:23 | Build | Farm |
| 22:24 | Build | Farm |
| 22:35 | Research | Castle Age |
| 23:26 | Research | Forging |
| 23:27 | Research | Scale Barding Armor |
| 23:30 | Research | Scale Mail Armor |
| 23:45 | Create | Serjeant ×4 |
| 23:45 | Create | Serjeant ×4 |
| 25:15 | Age | Castle Age |
| 25:16 | Research | Heavy Plow |
| 25:20 | Research | Hand Cart |
| 25:24 | Research | Stone Mining |
| 25:28 | Research | Gold Mining |
| 25:58 | Research | Bow Saw |
| 26:37 | Create | Villager (Male) ×5 |
| 27:02 | Build | Castle |
| 28:54 | Build | Monastery |
| 29:15 | Research | Fletching |
| 29:32 | Build | Town Center |
| 29:36 | Research | Imperial Age |
| 29:47 | Build | Town Center |
| 29:51 | Create | Monk |
| 30:36 | Research | Bodkin Arrow |
| 30:38 | Research | Iron Casting |
| 30:45 | Create | Villager (Male) ×5 |
| 31:33 | Build | Town Center |
| 31:51 | Research | Gold Shaft Mining |
| 32:46 | Age | Imperial Age |
| 32:51 | Create | Trebuchet (Packed) |
| 32:51 | Create | Trebuchet (Packed) |
| 33:01 | Create | Villager (Male) ×5 |
| 33:05 | Create | Villager (Male) ×5 |
| 33:55 | Create | Trebuchet (Packed) |
| 35:02 | Research | Bracer |
Build order — sergio_S10
80 actions detected in the replay
| 0:03 | Build | House |
| 0:05 | Build | House |
| 0:06 | Create | Villager (Male) |
| 0:06 | Create | Villager (Male) |
| 0:06 | Create | Villager (Male) |
| 0:06 | Create | Villager (Male) |
| 0:07 | Create | Villager (Male) |
| 1:30 | Create | Villager (Male) |
| 1:52 | Build | Lumber Camp |
| 2:32 | Create | Villager (Male) |
| 2:32 | Create | Villager (Male) |
| 2:55 | Create | Villager (Male) |
| 3:48 | Create | Villager (Male) |
| 3:59 | Create | Villager (Male) |
| 4:09 | Create | Villager (Male) |
| 4:21 | Build | House |
| 4:23 | Build | House |
| 4:49 | Research | Loom |
| 5:36 | Create | Villager (Male) |
| 5:44 | Build | House |
| 5:48 | Build | Mill |
| 5:53 | Create | Villager (Male) |
| 6:12 | Create | Villager (Male) |
| 6:42 | Create | Villager (Male) |
| 6:57 | Build | Farm |
| 7:01 | Create | Villager (Male) |
| 7:56 | Build | House |
| 7:59 | Build | House |
| 8:01 | Create | Villager (Male) |
| 8:14 | Research | Feudal Age |
| 8:22 | Build | Farm |
| 8:46 | Build | House |
| 8:50 | Build | Barracks |
| 9:00 | Build | Palisade Wall |
| 9:03 | Build | Palisade Gate |
| 9:08 | Create | Villager (Male) |
| 9:15 | Build | Farm |
| 9:48 | Build | House |
| 10:08 | Build | Mill |
| 10:28 | Build | House |
| 10:36 | Age | Feudal Age |
| 11:18 | Create | Villager (Male) |
| 11:18 | Create | Villager (Male) |
| 11:33 | Build | Stable |
| 11:39 | Create | Villager (Male) |
| 11:53 | Research | Double-Bit Axe |
| 11:53 | Research | Double-Bit Axe |
| 12:05 | Create | Scout Cavalry |
| 12:05 | Create | Scout Cavalry |
| 12:12 | Build | House |
| 12:34 | Build | Lumber Camp |
| 12:49 | Create | Villager (Male) |
| 12:52 | Build | Farm |
| 13:00 | Build | House |
| 13:05 | Create | Scout Cavalry |
| 13:21 | Create | Villager (Male) |
| 13:31 | Create | Villager (Male) |
| 13:31 | Create | Villager (Male) |
| 13:46 | Create | Villager (Male) |
| 13:48 | Build | House |
| 13:49 | Create | Villager (Male) |
| 13:50 | Create | Villager (Male) |
| 14:01 | Create | Villager (Male) |
| 14:07 | Build | Farm |
| 14:08 | Build | Farm |
| 14:10 | Build | Farm |
| 14:20 | Create | Scout Cavalry |
| 14:37 | Create | Villager (Male) |
| 14:45 | Build | Farm |
| 14:48 | Build | Farm |
| 14:50 | Create | Scout Cavalry |
| 15:10 | Build | Farm |
| 15:25 | Build | Farm |
| 15:50 | Create | Villager (Male) |
| 16:03 | Create | Scout Cavalry |
| 16:18 | Create | Scout Cavalry |
| 16:48 | Build | Archery Range |
| 16:51 | Create | Villager (Male) |
| 16:55 | Build | Mining Camp |
| 17:01 | Create | Villager (Male) |
Build order — 1Eisbär2
148 actions detected in the replay
| 0:02 | Create | Villager (Male) |
| 0:02 | Create | Villager (Male) |
| 0:02 | Create | Villager (Male) |
| 0:05 | Build | House |
| 0:08 | Build | House |
| 0:41 | Create | Villager (Male) |
| 1:42 | Create | Villager (Male) |
| 2:04 | Create | Villager (Male) |
| 2:31 | Create | Villager (Male) |
| 2:58 | Create | Villager (Male) |
| 3:19 | Create | Villager (Male) |
| 3:32 | Build | Mill |
| 3:57 | Create | Villager (Male) |
| 4:09 | Create | Villager (Male) |
| 4:20 | Build | House |
| 4:55 | Create | Villager (Male) |
| 5:09 | Create | Villager (Male) |
| 5:34 | Create | Villager (Male) |
| 5:47 | Build | House |
| 6:06 | Build | Mill |
| 6:12 | Create | Villager (Male) |
| 6:13 | Create | Villager (Male) |
| 6:54 | Create | Villager (Male) |
| 7:22 | Build | Barracks |
| 7:28 | Create | Villager (Male) |
| 7:52 | Create | Villager (Male) |
| 8:14 | Create | Villager (Male) |
| 8:25 | Build | Mule Cart |
| 8:40 | Research | Loom |
| 8:42 | Research | Feudal Age |
| 8:53 | Create | Militia |
| 8:54 | Create | Militia |
| 9:09 | Build | Farm |
| 9:20 | Build | House |
| 9:22 | Build | House |
| 9:33 | Create | Militia |
| 9:43 | Build | Farm |
| 10:13 | Build | House |
| 10:33 | Create | Villager (Male) |
| 11:13 | Create | Villager (Male) |
| 11:18 | Age | Feudal Age |
| 11:21 | Research | Double-Bit Axe |
| 11:34 | Research | Man-at-Arms (upgrade) |
| 11:36 | Research | Arson |
| 11:45 | Build | Blacksmith |
| 11:57 | Create | Villager (Male) |
| 12:45 | Create | Villager (Male) |
| 12:45 | Create | Villager (Male) |
| 13:12 | Build | Archery Range |
| 13:53 | Create | Villager (Male) |
| 13:54 | Create | Villager (Male) |
| 14:18 | Create | Skirmisher |
| 14:19 | Create | Skirmisher |
| 14:19 | Create | Skirmisher |
| 14:27 | Research | Fletching |
| 14:28 | Research | Padded Archer Armor |
| 14:42 | Create | Villager (Male) |
| 14:59 | Create | Villager (Male) |
| 15:11 | Research | Horse Collar |
| 15:30 | Create | Villager (Male) |
| 15:37 | Build | Farm |
| 15:38 | Build | Farm |
| 15:40 | Build | Farm |
| 15:43 | Build | Farm |
| 15:44 | Build | Farm |
| 15:53 | Create | Villager (Male) |
| 16:01 | Create | Villager (Male) |
| 16:13 | Create | Militia |
| 16:29 | Create | Villager (Male) |
| 16:33 | Build | House |
| 16:35 | Build | House |
| 16:38 | Build | House |
| 16:49 | Build | Mule Cart |
| 16:55 | Build | Farm |
| 17:00 | Build | Farm |
| 17:11 | Create | Skirmisher |
| 17:12 | Create | Skirmisher |
| 18:26 | Create | Skirmisher |
| 18:26 | Create | Skirmisher |
| 18:50 | Create | Villager (Male) |
| 18:54 | Build | Farm |
| 18:59 | Build | Farm |
| 19:03 | Build | Farm |
| 19:16 | Build | House |
| 19:54 | Create | Villager (Male) |
| 19:54 | Create | Villager (Male) |
| 19:54 | Create | Villager (Male) |
| 20:11 | Build | Market |
| 20:34 | Create | Skirmisher |
| 20:35 | Create | Skirmisher |
| 20:35 | Create | Skirmisher |
| 21:32 | Create | Skirmisher |
| 21:48 | Create | Skirmisher |
| 22:16 | Create | Villager (Male) |
| 22:44 | Create | Skirmisher |
| 22:45 | Create | Skirmisher |
| 22:45 | Create | Skirmisher |
| 22:48 | Create | Villager (Male) |
| 22:49 | Create | Villager (Male) |
| 22:49 | Create | Villager (Male) |
| 22:57 | Build | Farm |
| 23:23 | Build | Farm |
| 23:28 | Build | Farm |
| 23:30 | Create | Villager (Male) |
| 23:30 | Create | Villager (Male) |
| 23:37 | Create | Skirmisher |
| 23:37 | Create | Skirmisher |
| 23:38 | Create | Skirmisher |
| 23:43 | Create | Villager (Male) |
| 24:32 | Create | Villager (Male) |
| 24:37 | Build | Farm |
| 24:43 | Build | Farm |
| 24:43 | Build | Farm |
| 24:46 | Build | Farm |
| 25:01 | Build | House |
| 25:04 | Build | House |
| 25:06 | Build | House |
| 25:08 | Build | House |
| 25:41 | Research | Castle Age |
| 25:51 | Create | Skirmisher |
| 25:51 | Create | Skirmisher |
| 25:52 | Create | Skirmisher |
| 26:34 | Research | Stone Mining |
| 28:21 | Age | Castle Age |
| 28:26 | Build | Castle |
| 28:32 | Build | Castle |
| 29:25 | Create | Villager (Male) |
| 29:25 | Create | Villager (Male) |
| 29:26 | Create | Villager (Male) |
| 29:47 | Build | Siege Workshop |
| 30:42 | Create | Villager (Male) |
| 30:42 | Create | Villager (Male) |
| 30:42 | Create | Villager (Male) |
| 30:48 | Create | Mangonel |
| 30:49 | Create | Mangonel |
| 31:23 | Build | Farm |
| 31:24 | Build | Farm |
| 31:25 | Build | Farm |
| 31:56 | Create | Monaspa ×5 |
| 31:56 | Create | Monaspa ×5 |
| 32:16 | Create | Villager (Male) ×2 |
| 32:35 | Create | Villager (Male) |
| 33:33 | Build | Farm |
| 33:35 | Build | Farm |
| 33:35 | Build | Farm |
| 33:35 | Build | Farm |
| 33:39 | Build | Farm |
| 34:08 | Create | Villager (Male) ×2 |
Match timeline
| 7:22 | 1Eisbär2 · first_building Barracks |
| 8:26 | achito_mlg · first_building Barracks |
| 8:50 | sergio_S10 · first_building Barracks |
| 9:00 | sergio_S10 · wall_segment Palisade Wall x3 |
| 9:56 | achito_mlg · age_up feudal |
| 10:03 | achito_mlg · first_building Archery Range |
| 10:36 | sergio_S10 · age_up feudal |
| 10:46 | diego_vth · wall_segment Palisade Wall x4 |
| 10:48 | diego_vth · wall_segment Palisade Wall x8 |
| 11:14 | diego_vth · first_building Donjon |
| 11:18 | 1Eisbär2 · age_up feudal |
| 11:22 | diego_vth · wall_segment Palisade Wall x1 |
| 11:23 | diego_vth · wall_segment Palisade Wall x1 |
| 11:33 | sergio_S10 · first_building Stable |
| 11:55 | diego_vth · age_up feudal |
| 13:12 | 1Eisbär2 · first_building Archery Range |
| 15:55 | diego_vth · wall_segment Stone Wall x1 |
| 16:48 | sergio_S10 · first_building Archery Range |
| 17:21 | sergio_S10 · resign |
| 23:53 | achito_mlg · age_up castle |
| 25:15 | diego_vth · age_up castle |
| 25:31 | 1Eisbär2 · first_market_buy 100 food |
| 27:02 | diego_vth · first_building Castle |
| 28:21 | 1Eisbär2 · age_up castle |
| 28:26 | 1Eisbär2 · first_building Castle |
| 28:54 | diego_vth · first_building Monastery |
| 29:47 | 1Eisbär2 · first_building Siege Workshop |
| 32:46 | diego_vth · age_up imperial |
[ AI ANALYSIS · 1 CREDIT ]
What really happened in this match?
Wolo.gg analyzes every decision: build order, eco, micro, common mistakes by bracket. Personalized analysis on WhatsApp or Discord in 30 seconds.
Civ guide
Ethiopians
Map guide
Arabia
Perfil
Jugador #15406915